 Dungeon Crawl Stone Soup version 0.26-a0-501-g57170428f2 (webtiles) character file.

Game seed: 14071861940681713235

334 Zarlindeir the Digger (level 6, -6/32 HPs)
             Began as a Gargoyle Earth Elementalist on Aug 7, 2020.
             Mangled by an ogre
             ... wielding a +0 giant club
              (21 damage)
             ... on level 4 of the Dungeon.
             The game lasted 00:09:14 (4219 turns).

Zarlindeir the Digger (Gargoyle Earth Elementalist) Turns: 4219, Time: 00:09:17

Health: -6/32      AC:  6    Str: 12    XL:     6   Next: 53%
Magic:  1/12       EV: 12    Int: 17    God:
Gold:   151        SH:  0    Dex: 10    Spells: 4/13 levels left

rFire    . . .     SeeInvis .   g - +0 mace (protect)
rCold    . . .     Faith    .   (no shield)
rNeg     + + .     Spirit   .   c - +0 robe
rPois    ∞         Reflect  .   (no helmet)
rElec    +         Harm     .   (no cloak)
rCorr    .                      (no gloves)
MR       .....                  (no boots)
Stlth    ++........             (no amulet)
HPRegen  0.10/turn              e - ring of positive energy
MPRegen  0.13/turn              (no ring)

@: no status effects
A: negative energy resistance 1, electricity resistance, unbreathing,
petrification resistance, rot immunity, AC +4
a: no special abilities


You were on level 4 of the Dungeon.
You visited 1 branch of the dungeon, and saw 4 of its levels.

You collected 151 gold pieces.

Inventory:

Hand Weapons
 g - a +0 mace of protection (weapon)
 h - a +3 dagger of holy wrath
 i - a +0 mace
Missiles
 b - 91 stones (quivered)
Armour
 c - a +0 robe (worn)
Jewellery
 e - a ring of positive energy (left hand)
Scrolls
 d - a scroll of identify


   Skills:
 - Level 1.5 Dodging
 - Level 2.1 Stealth
 + Level 4.0 Spellcasting
 + Level 3.3 Conjurations
   Level 0.7 Transmutations
 + Level 5.9 Earth Magic


You had 4 spell levels left.
You knew the following spells:

 Your Spells              Type           Power        Failure   Level
a - Sandblast             Erth           ###...       1%          1
b - Stone Arrow           Conj/Erth      ###...       7%          3
c - Lee's Rapid Deconstr  Erth           ###.......   36%         5

Your spell library contained the following spells:

 Spells                   Type           Power        Failure   Level
 Passwall                 Tmut/Erth      ##......     6%          2
 Petrify                  Tmut/Erth      ##......     36%         4


Dungeon Overview and Level Annotations

Branches:
Dungeon (4/15)
 Temple: D:4-7

Altars:
Cheibriados
Kikubaaqudgha

Annotations:
D:4 Pikel


Innate Abilities, Weirdness & Mutations

You are resistant to torment.
Your stone body is resilient. (AC +4)
You are immune to poison.
You resist negative energy. (rN+)
You are resistant to electric shocks. (rElec)
You can survive without breathing.
You are immune to petrification.
You are immune to rotting.


Message History

* * * LOW HITPOINT WARNING * * *
Unknown command.
You feel better. Pikel closely misses you.
Found 13 gold pieces.
An ogre comes into view. It is wielding a +0 giant club.
The ogre shouts!
Found a scroll labeled QOS ICVECVE.
The ogre barely misses you.
Okay, then.
Unknown command.
Casting: Sandblast (safe; 1% risk of failure)
Confirm with . or Enter, or press ? or * to list all spells.
Press: ? - help, Shift-Dir - straight line, f - ogre, p - Pikel
Aim: an ogre, wielding a +0 giant club The blast of sand hits the ogre.
The ogre is moderately wounded.
b - 91 stones The ogre hits you with a +0 giant club!!
Ouch! That really hurt!
You die...

......5o#.#
#.#.###h#.#
#.#.# #5#.#
#.#5# #.#.#
#.#.# #.#.#
#######5#.###.#
#...5.Yoh.5..h#
#5#############
#.# #.@O...?..
#.###K#######.
#...5...$..#
#####......#
#......#
########


You could see Pikel, an ogre and a lemure.

Vanquished Creatures
  Sigmund (D:2)
  A worker ant (D:4)
  6 adders
  3 oozes
  3 worms
  3 dart slugs
  4 leopard geckos
  4 orcs (D:3)
  2 ball pythons
  3 giant cockroaches
  11 goblins
  11 hobgoblins
  2 jackals (D:1)
  7 bats
  2 frilled lizards (D:1)
  6 kobolds
  A quokka zombie (D:3)
  2 rats (D:3)
72 creatures vanquished.

Notes
Turn   | Place    | Note
-------+----------+-------------------------------------------
     0 | D:1      | Zarlindeir the Gargoyle Earth Elementalist began the quest
                  | for the Orb.
     0 | D:1      | Reached XP level 1. HP: 10/10 MP: 3/3
   308 | D:1      | Reached XP level 2. HP: 9/15 MP: 5/5
   429 | D:1      | Reached skill level 4 in Earth Magic
   916 | D:1      | Reached XP level 3. HP: 19/19 MP: 3/6
   922 | D:1      | Learned a level 3 spell: Stone Arrow
  1535 | D:2      | Noticed Sigmund
  1543 | D:2      | Killed Sigmund
  1543 | D:2      | Reached skill level 5 in Earth Magic
  1543 | D:2      | Reached XP level 4. HP: 11/24 MP: 4/9
  1543 | D:2      | Reached XP level 5. HP: 13/28 MP: 4/10
  1724 | D:2      | Learned a level 5 spell: Lee's Rapid Deconstruction
  2275 | D:2      | Reached XP level 6. HP: 32/32 MP: 11/11
  2405 | D:3      | Found a snail-covered altar of Cheibriados.
  3584 | D:3      | Found an ancient bone altar of Kikubaaqudgha.
  4136 | D:4      | Noticed Pikel
  4168 | D:4      | Noticed an ice beast
  4206 | D:4      | HP: 1/32 [Pikel/+2 whip of flaming (3)]
  4219 | D:4      | Mangled by an ogre

Illustrated notes

Levels and vault maps discovered:
D:1:      zelgadis_glass_arrival_small, layout_basic
D:2:      layout_basic, grunt_decor_mini_mirrors, uniq_sigmund
D:3:      layout_basic, kennysheep_slug_shrine, kiku_gazebo_garden_becter,
          minmay_fountain_box, guppyfry_early_orc_mine
D:4:      layout_basic, uniq_menkaure, uniq_pikel

Skill      XL: |  1  2  3  4  5  6 |
---------------+-------------------+-----
Earth Magic    | 4 5 |  5.9
Spellcasting   | 3 4 |  4.0
Conjurations   | 2 3 |  3.3
Dodging        | |  1.5
Stealth        | |  2.1
Transmutations | |  0.7

Action                   |  1- 3 |  4- 6 || total
-------------------------+-------+-------++-------
Melee: Club              |    36 |       ||    36
       Mace              |    14 |   209 ||   223
 Cast: Sandblast         |    25 |    41 ||    66
  Use: Scroll            |     4 |     3 ||     7
       Potion            |     2 |     7 ||     9
 Stab: Sleeping          |       |     6 ||     6
Armor: Robe              |    17 |   115 ||   132
Dodge: Dodged            |    45 |   190 ||   235

Table legend: (Time is in decaauts)
 A = Elapsed time spent in this place.
 B = Non-inter-level travel time spent in this place.
 C = Inter-level travel time spent in this place.
 D = Time resting spent in this place.
 E = Time spent auto-exploring this place.
 F = Levels seen in this place.
 G = Mean time per level.
                   A        B        C        D        E       F      G
               +--------+--------+--------+--------+--------+-----+--------+
         Total |   4316 |   4221 |     95 |    952 |   2402 |   4 | 1079.0 |
       Dungeon |   4316 |   4221 |     95 |    952 |   2402 |   4 | 1079.0 |
               +--------+--------+--------+--------+--------+-----+--------+

Top non-repeatable levels by time:
     D:3: 1819 daAuts
     D:1: 1256 daAuts
     D:2: 1153 daAuts
     D:4: 87 daAuts
